[Event "42nd Olympiad Baku 2016 Open"]
[Site "Baku"]
[Date "2016.09.04"]
[Round "3.4"]
[White "Mertens, Marc"]
[Black "Huguet, Sergio"]
[Result "1/2-1/2"]
[ECO "B34"]
[WhiteElo "2181"]
[BlackElo "2099"]
[Annotator ""]
[PlyCount "71"]
[EventDate "2016.??.??"]
[EventCountry "AZE"]
[SourceTitle "playchess.com"]
[Source "ChessBase"]
[WhiteTeam "Luxembourg"]
[BlackTeam "Honduras"]
[WhiteTeamCountry "LUX"]
[BlackTeamCountry "HON"]
[TimeControl "40/5400+30:1800+30"]

1. e4 {(00:00)} c5 {(00:00)} 2. Nf3 {(00:00)} Nc6 {
(00:00)} 3. d4 {(00:22)} cxd4 {(00:01)} 4. Nxd4 {(
00:05)} g6 {(00:29)} 5. Nc3 {(00:26)} Bg7 {(00:25)} 6.
Nde2 {(00:44)} Nf6 {(01:41)} 7. g3 {(00:15)} d6 {(
01:16)} 8. Bg2 {(00:13)} O-O {(00:48)} 9. O-O {(00:07)}
Bd7 {(03:07)} 10. h3 {(01:19)} Rc8 {(05:25)} 11. Nd5 {
(02:39)} Nxd5 {(03:58)} 12. exd5 {(00:08)} Ne5 {(
00:59)} 13. a4 {(01:45)} Qc7 {(08:22)} 14. c3 {(13:09)}
Rfe8 {(11:33)} 15. b3 {(18:27)} Bf5 {(04:08)} 16. Ra2 {
(01:37)} Bd3 {(03:41)} 17. c4 {(01:18)} Bxe2 {(06:
39)} 18. Rxe2 {(00:31)} Nd7 {(02:11)} 19. h4 {(07:26)} Qb6
{(06:11)} 20. Bh3 {(16:02)} Rc7 {(01:28)} 21. Bxd7 {
(03:56)} Rxd7 {(00:16)} 22. h5 {(03:02)} a6 {(05:
12)} 23. Re4 {(04:17)} Qa5 {(02:02)} 24. Kg2 {(10:15)} b5
{(01:31)} 25. Bd2 {(01:40)} Bc3 {(03:29)} 26. hxg6 {
(00:05)} hxg6 {(01:42)} 27. Rh1 {(02:19)} Bxd2 {(
04:29)} 28. Qg4 {(03:16)} Qd8 {(02:19)} 29. Re6 {(03:07)}
Bc3 {(01:56)} 30. Rxg6+ {(01:47)} fxg6 {(00:10)} 31. Qxg6+
{(00:03)} Bg7 {(02:57)} 32. Qe6+ {(00:24)} Kf8 {(
00:09)} 33. Qf5+ {(00:44)} Kg8 {(00:43)} 34. Qe6+ {(00:05]
} Kf8 {(00:07)} 35. Qf5+ {(03:38)} Kg8 {(00:38)} 36. Qe6+
{(00:07)} 1/2-1/2

[Event "42nd Olympiad Baku 2016 Open"]
[Site "Baku"]
[Date "2016.09.04"]
[Round "3.20"]
[White "Mohannad, Farhan"]
[Black "Mohammad Minhaz Uddin"]
[Result "0-1"]
[ECO "E16"]
[WhiteElo "2294"]
[BlackElo "2413"]
[Annotator ""]
[PlyCount "75"]
[EventDate "2016.??.??"]
[EventCountry "AZE"]
[SourceTitle "playchess.com"]
[Source "ChessBase"]
[WhiteTeam "Jordan"]
[BlackTeam "Bangladesh"]
[WhiteTeamCountry "JOR"]
[BlackTeamCountry "BAN"]
[TimeControl "40/5400+30:1800+30"]

1. d4 {(00:00)} Nf6 {(00:00)} 2. c4 {(00:00)} e6 {(
00:00)} 3. Nf3 {(00:00)} Bb4+ {(00:00)} 4. Bd2 {(00:13)}
Qe7 {(00:15)} 5. g3 {(00:15)} Nc6 {(01:14)} 6. Nc3 {
(00:32)} O-O {(00:52)} 7. Bg2 {(00:26)} Bxc3 {(03:
07)} 8. Bxc3 {(00:07)} Ne4 {(00:11)} 9. Qc2 {(00:13)} f5 {
(01:56)} 10. O-O {(00:14)} a5 {(01:38)} 11. Ne5 {(
06:03)} Nf6 {(07:37)} 12. Nxc6 {(01:37)} bxc6 {(00:17)}
13. Qd2 {(04:20)} Ne4 {(02:17)} 14. Bxe4 {(02:21)} fxe4 {
(00:04)} 15. Bxa5 {(00:08)} Rf5 {(00:38)} 16. Bb4 {
(01:06)} Qf7 {(01:05)} 17. Qe3 {(08:38)} c5 {(03:
38)} 18. dxc5 {(07:38)} Bb7 {(00:45)} 19. h3 {(10:22)} e5
{(03:09)} 20. Qb3 {(14:38)} Bc6 {(02:29)} 21. Bd2 {
(06:21)} Rf8 {(01:09)} 22. Qe3 {(02:37)} Qxc4 {(01:
45)} 23. b3 {(00:09)} Qe6 {(01:56)} 24. g4 {(09:16)} R5f7
{(05:18)} 25. Qg5 {(07:28)} h6 {(02:53)} 26. Qe3 {(
04:06)} h5 {(14:03)} 27. Qg3 {(01:03)} hxg4 {(01:04)} 28.
hxg4 {(00:17)} Bb5 {(01:45)} 29. Rae1 {(01:37)} Qa6 {
(01:23)} 30. Qe3 {(09:05)} Rf4 {(00:21)} 31. Qg3 {(
00:26)} Bxe2 {(03:04)} 32. Bxf4 {(00:11)} Rxf4 {(00:52)}
33. f3 {(03:35)} exf3 {(02:39)} 34. Rf2 {(01:22)} Qg6 {
(00:28)} 35. g5 {(00:10)} Rf5 {(01:12)} 36. Rexe2 {
(00:52)} Rxg5 {(01:16)} 37. Qxg5 {(00:07)} Qxg5+ {(
00:06)} 38. Rg2 {(00:02)} 0-1

[Event "42nd Olympiad Baku 2016 Open"]
[Site "Baku"]
[Date "2016.09.04"]
[Round "3.29"]
[White "Mok, Tze-Meng"]
[Black "Morovic Fernandez, Ivan"]
[Result "0-1"]
[ECO "C68"]
[WhiteElo "2373"]
[BlackElo "2554"]
[Annotator ""]
[PlyCount "118"]
[EventDate "2016.??.??"]
[EventCountry "AZE"]
[SourceTitle "playchess.com"]
[Source "ChessBase"]
[WhiteTeam "Malaysia"]
[BlackTeam "Chile"]
[WhiteTeamCountry "MAS"]
[BlackTeamCountry "CHI"]
[TimeControl "40/5400+30:1800+30"]

1. e4 {(00:00)} e5 {(00:56)} 2. Nf3 {(00:00)} Nc6 {
(00:05)} 3. Bb5 {(00:00)} a6 {(00:24)} 4. Bxc6 {(
00:00)} dxc6 {(00:05)} 5. O-O {(00:00)} Qf6 {(05:52)} 6.
d3 {(00:05)} Ne7 {(05:10)} 7. Nbd2 {(08:28)} c5 {(
01:41)} 8. Nc4 {(03:24)} Nc6 {(02:39)} 9. Ne3 {(04:06)}
Bd6 {(03:18)} 10. Nd5 {(01:23)} Qd8 {(02:38)} 11. Nd2 {
(02:36)} O-O {(06:45)} 12. Nc4 {(06:12)} Be6 {(02:
18)} 13. Nce3 {(03:42)} Re8 {(10:34)} 14. Kh1 {(07:20)}
Bf8 {(04:14)} 15. c4 {(26:00)} Nd4 {(04:27)} 16. f4 {
(00:13)} exf4 {(02:51)} 17. Nxf4 {(00:39)} Bd7 {(
03:57)} 18. Bd2 {(03:12)} Bd6 {(02:54)} 19. Bc3 {(02:17)}
Qg5 {(01:47)} 20. g3 {(01:59)} Be5 {(04:28)} 21. Kg2 {
(07:53)} Rad8 {(03:29)} 22. Rc1 {(03:47)} Bc8 {(03:
48)} 23. h4 {(02:00)} Qh6 {(00:28)} 24. Ng4 {(01:55)} Bxg4
{(05:03)} 25. Qxg4 {(00:07)} c6 {(09:44)} 26. Rf2 {
(03:01)} g6 {(06:51)} 27. Re1 {(07:14)} b6 {(01:19]
} 28. h5 {(03:15)} Qg7 {(00:16)} 29. hxg6 {(00:38)} hxg6 {
(00:11)} 30. Ref1 {(00:30)} Re7 {(00:56)} 31. b3 {(
01:46)} a5 {(01:31)} 32. Bd2 {(00:25)} Nc2 {(02:25)} 33.
Qd1 {(00:59)} Nb4 {(00:10)} 34. Bxb4 {(00:08)} axb4 {
(00:04)} 35. Rf3 {(01:06)} Ra7 {(00:19)} 36. R1f2 {
(00:17)} Bd4 {(01:04)} 37. Rc2 {(00:11)} Rad7 {(00:
57)} 38. Qf1 {(00:24)} Be5 {(01:22)} 39. Nh3 {(00:43)} Qh6
{(00:59)} 40. Nf2 {(00:00)} Qh5 {(00:00)} 41. Qe2 {
(03:31)} Kg7 {(05:27)} 42. Rc1 {(01:13)} Bxg3 {(10:
03)} 43. Rh1 {(03:07)} Bh4 {(00:39)} 44. Qb2+ {(02:04)}
Rd4 {(02:41)} 45. Rf4 {(01:33)} g5 {(00:38)} 46. Rg4 {
(01:17)} Kf8 {(03:58)} 47. Qe2 {(04:51)} Qh6 {(00:
43)} 48. Qf3 {(07:45)} Qe6 {(01:45)} 49. Rhxh4 {(01:39)}
gxh4 {(00:07)} 50. Rxh4 {(00:02)} Ke7 {(00:34)} 51. Qf4 {
(02:45)} Qf6 {(02:11)} 52. Qg3 {(00:43)} Rxd3 {(03:
07)} 53. Nxd3 {(01:00)} Rxd3 {(00:05)} 54. Qxd3 {(00:14)}
Qxh4 {(00:04)} 55. Qe3 {(03:24)} Ke6 {(00:39)} 56. Qf3 {
(01:42)} Qg5+ {(00:43)} 57. Kh3 {(02:07)} Qh6+ {(
01:24)} 58. Kg3 {(00:23)} Qg7+ {(00:12)} 59. Kh3 {(00:22)}
Qc3 0-1

[Event "42nd Olympiad Baku 2016 Open"]
[Site "Baku"]
[Date "2016.09.04"]
[Round "3.7"]
[White "Mooney, Graham"]
[Black "Andreasen, Joan Hendrik"]
[Result "0-1"]
[ECO "C11"]
[WhiteElo "1840"]
[BlackElo "2239"]
[Annotator ""]
[PlyCount "52"]
[EventDate "2016.??.??"]
[EventCountry "AZE"]
[SourceTitle "playchess.com"]
[Source "ChessBase"]
[WhiteTeam "Channel Islands"]
[BlackTeam "Faroe Islands"]
[WhiteTeamCountry "JCI"]
[BlackTeamCountry "FAI"]
[TimeControl "40/5400+30:1800+30"]

1. e4 {(00:03)} e6 {(00:15)} 2. Nf3 {(01:07)} d5 {(
00:37)} 3. Nc3 {(01:23)} Nf6 {(02:55)} 4. e5 {(02:07)}
Nfd7 {(00:08)} 5. d4 {(00:29)} c5 {(00:11)} 6. dxc5 {
(02:55)} Nc6 {(00:28)} 7. Bf4 {(01:49)} Be7 {(02:
16)} 8. h3 {(10:23)} Nxc5 {(06:36)} 9. Bb5 {(15:49)} Bd7 {
(08:02)} 10. O-O {(00:41)} g5 {(05:53)} 11. Bh2 {(
04:49)} h5 {(04:10)} 12. Nd4 {(03:04)} Qb6 {(04:08)} 13.
Bxc6 {(15:46)} bxc6 {(01:14)} 14. Nb3 {(00:56)} Na6 {
(06:16)} 15. Kh1 {(12:01)} g4 {(04:02)} 16. hxg4 {(
00:16)} hxg4 {(00:08)} 17. Qxg4 {(00:21)} O-O-O {(02:02)}
18. Ne2 {(08:17)} Rh4 {(04:16)} 19. Qg3 {(04:25)} Rdh8 {
(00:36)} 20. Nf4 {(00:37)} Rxh2+ {(00:37)} 21. Qxh2 {
(00:04)} Rxh2+ {(00:07)} 22. Kxh2 {(00:04)} c5 {(
02:35)} 23. c4 {(00:33)} d4 {(00:53)} 24. Nd3 {(01:15)}
Qd8 {(03:18)} 25. a3 {(02:06)} Qg8 {(00:44)} 26. Na5 {
(02:37)} Qh7+ {(00:23)} 0-1

[Event "42nd Olympiad Baku 2016 Open"]
[Site "Baku"]
[Date "2016.09.04"]
[Round "3.1"]
[White "Munkhgal, Gombosuren"]
[Black "Al-Modiahki, Mohamad"]
[Result "1-0"]
[ECO "E63"]
[WhiteElo "2446"]
[BlackElo "2550"]
[Annotator ""]
[PlyCount "69"]
[EventDate "2016.??.??"]
[EventCountry "AZE"]
[SourceTitle "playchess.com"]
[Source "ChessBase"]
[WhiteTeam "Mongolia"]
[BlackTeam "Qatar"]
[WhiteTeamCountry "MGL"]
[BlackTeamCountry "QAT"]
[TimeControl "40/5400+30:1800+30"]

1. d4 {(00:00)} Nf6 {(00:00)} 2. c4 {(00:00)} g6 {(
00:00)} 3. Nc3 {(00:03)} Bg7 {(00:00)} 4. Nf3 {(00:23)}
O-O {(00:04)} 5. g3 {(00:03)} d6 {(00:55)} 6. Bg2 {
(00:08)} Nc6 {(01:36)} 7. O-O {(00:30)} a6 {(06:14]
} 8. Bf4 {(00:32)} Nh5 {(10:44)} 9. Bg5 {(05:22)} h6 {
(24:56)} 10. Bd2 {(00:29)} Bg4 {(12:33)} 11. d5 {(
02:12)} Na5 {(02:16)} 12. b3 {(06:24)} c5 {(04:00)} 13.
dxc6 {(07:31)} Nxc6 {(04:02)} 14. Rc1 {(00:42)} Nf6 {
(03:36)} 15. Be3 {(04:19)} Bd7 {(04:23)} 16. Nd5 {(
01:33)} Nxd5 {(07:29)} 17. cxd5 {(00:16)} Nb8 {(02:47)}
18. Qd2 {(02:23)} Kh7 {(00:46)} 19. Rc4 {(03:13)} h5 {
(07:52)} 20. h3 {(03:38)} a5 {(00:27)} 21. Rh4 {(
01:42)} Bf6 {(04:34)} 22. Bg5 {(00:42)} Bxg5 {(01:11)} 23.
Nxg5+ {(00:22)} Kg7 {(00:18)} 24. g4 {(08:54)} f6 {
(00:30)} 25. gxh5 {(10:28)} fxg5 {(00:03)} 26. Qxg5 {
(00:06)} e5 {(00:32)} 27. Qxg6+ {(01:27)} Kh8 {(00:
01)} 28. Qh6+ {(02:41)} Kg8 {(00:02)} 29. Be4 {(11:10)}
Rf7 {(00:37)} 30. Kh2 {(00:22)} Rg7 {(01:48)} 31. Rg1 {
(00:29)} Rxg1 {(00:33)} 32. Bh7+ {(00:15)} Kf7 {(
00:12)} 33. Bg6+ {(00:08)} Kf6 {(00:52)} 34. Kxg1 {(02:49]
} Qg8 {(00:31)} 35. Rg4 {(01:12)} 1-0

[Event "42nd Olympiad Baku 2016 Open"]
[Site "Baku"]
[Date "2016.09.04"]
[Round "3.7"]
[White "Nabaty, Tamir"]
[Black "Sedlak, Nikola"]
[Result "1/2-1/2"]
[ECO "D10"]
[WhiteElo "2630"]
[BlackElo "2537"]
[Annotator ""]
[PlyCount "69"]
[EventDate "2016.??.??"]
[EventCountry "AZE"]
[SourceTitle "playchess.com"]
[Source "ChessBase"]
[WhiteTeam "Israel"]
[BlackTeam "Serbia"]
[WhiteTeamCountry "ISR"]
[BlackTeamCountry "SRB"]
[TimeControl "40/5400+30:1800+30"]

1. d4 {(00:00)} d5 {(00:00)} 2. c4 {(00:00)} c6 {(
00:02)} 3. Nc3 {(00:00)} Nf6 {(00:18)} 4. e3 {(00:00)} Bf5
{(02:01)} 5. cxd5 {(00:37)} cxd5 {(00:09)} 6. Qb3 {
(00:06)} Nc6 {(00:21)} 7. Qxb7 {(01:54)} Bd7 {(00:
08)} 8. Qb3 {(03:30)} Rb8 {(00:14)} 9. Qd1 {(00:06)} e5 {
(00:27)} 10. Nf3 {(08:52)} Bd6 {(01:24)} 11. dxe5 {
(01:44)} Nxe5 {(00:07)} 12. Be2 {(00:49)} O-O {(01:
11)} 13. O-O {(01:08)} Qe7 {(02:07)} 14. Nd4 {(06:58)}
Rfc8 {(02:02)} 15. Ncb5 {(05:12)} Bc5 {(00:54)} 16. b4 {
(00:36)} Bxd4 {(03:43)} 17. Nxd4 {(00:38)} Qxb4 {(
00:26)} 18. Qb3 {(15:47)} Qa5 {(07:34)} 19. Qa3 {(00:19)}
Qb6 {(00:12)} 20. Qa6 {(04:30)} Ne4 {(05:55)} 21. Qxb6 {
(02:56)} Rxb6 {(01:20)} 22. Bd1 {(06:03)} Nc4 {(06:
31)} 23. Bc2 {(03:48)} Nc3 {(02:07)} 24. f3 {(01:14)} Ba4
{(01:14)} 25. Bb3 {(01:19)} Ra6 {(07:19)} 26. Bxc4 {
(04:34)} dxc4 {(05:26)} 27. Bd2 {(04:37)} Nd1 {(09:
10)} 28. Rfxd1 {(03:11)} Bxd1 {(00:14)} 29. Rxd1 {(00:03)}
c3 {(00:35)} 30. Rc1 {(02:07)} c2 {(00:13)} 31. Ra1 {
(09:55)} Rb6 {(07:14)} 32. Rc1 {(00:29)} Ra6 {(04:
01)} 33. Ra1 {(00:06)} Rb6 {(21:33)} 34. Rc1 {(00:33)} Ra6
{(05:53)} 35. Ra1 1/2-1/2

[Event "42nd Olympiad Baku 2016 Open"]
[Site "Baku"]
[Date "2016.09.04"]
[Round "3.25"]
[White "Navara, David"]
[Black "Kasimdzhanov, Rustam"]
[Result "1-0"]
[ECO "A33"]
[WhiteElo "2742"]
[BlackElo "2696"]
[Annotator ""]
[PlyCount "85"]
[EventDate "2016.??.??"]
[EventCountry "AZE"]
[SourceTitle "playchess.com"]
[Source "ChessBase"]
[WhiteTeam "Czech Republic"]
[BlackTeam "Uzbekistan"]
[WhiteTeamCountry "CZE"]
[BlackTeamCountry "UZB"]
[TimeControl "40/5400+30:1800+30"]

1. c4 {(00:00)} c5 {(01:07)} 2. Nf3 {(00:00)} Nf6 {
(00:12)} 3. Nc3 {(00:04)} Nc6 {(00:27)} 4. d4 {(09:
55)} cxd4 {(00:06)} 5. Nxd4 {(00:08)} e6 {(00:07)} 6. a3 {
(00:07)} Bc5 {(08:31)} 7. Nb3 {(00:14)} Bb6 {(00:
08)} 8. Bf4 {(06:23)} d5 {(04:22)} 9. c5 {(00:09)} Bc7 {
(00:24)} 10. Bxc7 {(00:08)} Qxc7 {(00:03)} 11. Nb5 {
(00:11)} Qe5 {(10:07)} 12. Nd6+ {(00:11)} Ke7 {(00:
11)} 13. Qc1 {(07:36)} d4 {(12:56)} 14. f4 {(05:16)} Qe3 {
(04:50)} 15. Qxe3 {(00:20)} dxe3 {(00:02)} 16. g3 {
(00:35)} a5 {(12:59)} 17. Bg2 {(07:40)} a4 {(15:30]
} 18. Nc1 {(00:09)} Nd7 {(16:50)} 19. Nd3 {(01:05)} Nxc5 {
(03:22)} 20. Nxc8+ {(02:22)} Raxc8 {(00:24)} 21. Nxc5 {
(00:10)} Nd4 {(00:03)} 22. Rc1 {(00:26)} b6 {(01:
29)} 23. Nd3 {(00:16)} Rxc1+ {(00:03)} 24. Nxc1 {(00:11)}
Rc8 {(00:01)} 25. Nd3 {(00:53)} Rc2 {(00:14)} 26. Bf3 {
(07:34)} Nxf3+ {(00:55)} 27. exf3 {(00:10)} Rg2 {(
02:11)} 28. Nb4 {(04:27)} Rxb2 {(05:14)} 29. O-O {(00:13)}
Rb3 {(00:57)} 30. Ra1 {(00:13)} Kd6 {(00:03)} 31. Kf1 {
(00:41)} Kc5 {(00:58)} 32. Ke2 {(01:15)} Rc3 {(00:
36)} 33. Rc1 {(11:32)} Rxc1 {(00:30)} 34. Nd3+ {(00:06)}
Kc4 {(00:13)} 35. Nxc1 {(00:10)} Kc3 {(00:48)} 36. Kxe3 {
(00:19)} Kb2 {(00:35)} 37. Kd2 {(00:11)} b5 {(00:
02)} 38. Nd3+ {(00:28)} Kxa3 {(00:16)} 39. Kc3 {(05:18)}
Ka2 {(00:06)} 40. Kc2 {(00:00)} Ka3 {(00:00)} 41. g4 {
(02:57)} b4 {(09:54)} 42. Nb2 {(10:17)} f6 {(17:14]
} 43. f5 {(00:36)} 1-0

[Event "42nd Olympiad Baku 2016 Open"]
[Site "Baku"]
[Date "2016.09.04"]
[Round "3.3"]
[White "Neiksans, Arturs"]
[Black "Hillarp Persson, Tiger"]
[Result "1/2-1/2"]
[ECO "B09"]
[WhiteElo "2628"]
[BlackElo "2523"]
[Annotator ""]
[PlyCount "100"]
[EventDate "2016.??.??"]
[EventCountry "AZE"]
[SourceTitle "playchess.com"]
[Source "ChessBase"]
[WhiteTeam "Latvia"]
[BlackTeam "Sweden"]
[WhiteTeamCountry "LAT"]
[BlackTeamCountry "SWE"]
[TimeControl "40/5400+30:1800+30"]

1. e4 {(00:00)} g6 {(00:01)} 2. d4 {(00:00)} Bg7 {(
00:05)} 3. Nc3 {(00:00)} d6 {(00:06)} 4. f4 {(00:06)} Nf6
{(00:16)} 5. Nf3 {(00:18)} O-O {(00:09)} 6. Be3 {(
01:03)} b6 {(03:53)} 7. Qd2 {(00:19)} c5 {(07:19)} 8. e5 {
(19:58)} Ng4 {(05:33)} 9. O-O-O {(00:07)} dxe5 {(
12:08)} 10. Nxe5 {(07:08)} cxd4 {(04:10)} 11. Bxd4 {(00:
07)} Nxe5 {(00:28)} 12. Bxe5 {(04:49)} Qxd2+ {(00:26)} 13.
Rxd2 {(00:03)} Bxe5 {(05:27)} 14. fxe5 {(00:31)} Nc6 {
(00:10)} 15. Nd5 {(06:42)} Kg7 {(08:32)} 16. Bb5 {(
17:28)} Nxe5 {(02:58)} 17. Re1 {(06:29)} f6 {(01:47)} 18.
Nxe7 {(00:27)} Bb7 {(02:24)} 19. Nd5 {(00:55)} Rad8 {
(03:24)} 20. Red1 {(01:21)} Kf7 {(08:39)} 21. Ne3 {
(01:51)} Rxd2 {(02:14)} 22. Rxd2 {(00:05)} Ke6 {(
10:35)} 23. Ba4 {(05:11)} f5 {(07:20)} 24. Bb3+ {(00:56)}
Kf6 {(00:09)} 25. Rd6+ {(10:58)} Kg5 {(01:05)} 26. Re6 {
(00:03)} Ng4 {(08:27)} 27. Nxg4 {(00:25)} Kxg4 {(
00:08)} 28. g3 {(02:08)} Bf3 {(01:28)} 29. Re7 {(03:02)}
h5 {(00:07)} 30. Kd2 {(09:21)} Kh3 {(02:31)} 31. Ke3 {
(00:01)} Bg4 {(02:11)} 32. Kf4 {(00:37)} Kxh2 {(00:
48)} 33. Bd5 {(00:14)} g5+ {(00:25)} 34. Kxg5 {(00:03)}
Kxg3 {(00:14)} 35. Re3+ {(00:05)} Kf2 {(00:11)} 36. Kf4 {
(00:03)} h4 {(00:43)} 37. c4 {(01:22)} h3 {(00:50)}
38. Rc3 {(00:06)} h2 {(00:53)} 39. Bf3 {(02:54)} Bxf3 {
(00:32)} 40. Rxf3+ {(00:00)} Kg2 {(00:00)} 41. Rg3+ {
(00:14)} Kh1 {(01:22)} 42. Rg7 {(07:27)} Rd8 {(01:
40)} 43. Ke3 {(01:26)} Rd1 {(01:58)} 44. Kf2 {(07:40)}
Rd2+ {(03:44)} 45. Kf3 {(02:49)} Rxb2 {(07:29)} 46. Rd7 {
(00:50)} Rb1 {(00:07)} 47. Kf2 {(01:21)} Rb2+ {(14:
00)} 48. Kf3 {(00:08)} Rb1 {(02:09)} 49. Kf2 {(00:15)}
Rb2+ {(01:25)} 50. Kf3 {(00:19)} Rb1 {Ke4} 1/2-1/2

[Event "42nd Olympiad Baku 2016 Open"]
[Site "Baku"]
[Date "2016.09.04"]
[Round "3.20"]
[White "Nguyen, Anh Khoi"]
[Black "Van Kampen, Robin"]
[Result "1/2-1/2"]
[ECO "E35"]
[WhiteElo "2448"]
[BlackElo "2640"]
[Annotator ""]
[PlyCount "53"]
[EventDate "2016.??.??"]
[EventCountry "AZE"]
[SourceTitle "playchess.com"]
[Source "ChessBase"]
[WhiteTeam "Vietnam"]
[BlackTeam "Netherlands"]
[WhiteTeamCountry "VIE"]
[BlackTeamCountry "NED"]
[TimeControl "40/5400+30:1800+30"]

1. d4 {(00:00)} Nf6 {(00:00)} 2. c4 {(00:00)} e6 {(
00:00)} 3. Nc3 {(00:00)} Bb4 {(00:00)} 4. Qc2 {(00:00)} d5
{(00:12)} 5. cxd5 {(00:03)} exd5 {(00:06)} 6. Bg5 {
(00:12)} h6 {(00:29)} 7. Bh4 {(00:07)} g5 {(01:20)}
8. Bg3 {(00:08)} Nc6 {(00:06)} 9. e3 {(03:08)} h5 {
(00:31)} 10. Bd3 {(13:42)} Qe7 {(06:59)} 11. Nf3 {(
11:16)} h4 {(00:37)} 12. Be5 {(00:32)} g4 {(00:38)} 13.
Nd2 {(04:18)} Rh5 {(00:35)} 14. Bxf6 {(03:38)} Qxf6 {
(00:13)} 15. a3 {(05:46)} Bxc3 {(02:19)} 16. Qxc3 {
(02:14)} g3 {(25:24)} 17. hxg3 {(18:33)} hxg3 {(00:
22)} 18. Rxh5 {(00:44)} Qxf2+ {(02:18)} 19. Kd1 {(00:02)}
Bg4+ {(00:35)} 20. Kc2 {(00:07)} Bxh5 {(00:13)} 21. Rh1 {
(00:07)} O-O-O {(10:08)} 22. Rxh5 {(00:06)} Qxg2 {(
00:12)} 23. Bf1 {(13:00)} Qxf1 {(01:19)} 24. Nxf1 {(00:08]
} g2 {(00:02)} 25. Qd3 {(02:07)} g1=Q {(00:23)} 26. Qf5+ {
(00:28)} Kb8 {(03:59)} 27. Qxf7 {(00:45)} 1/2-1/2

[Event "42nd Olympiad Baku 2016 Open"]
[Site "Baku"]
[Date "2016.09.04"]
[Round "3.18"]
[White "Nguyen, Ngoc Truong Son"]
[Black "L'Ami, Erwin"]
[Result "1/2-1/2"]
[ECO "C50"]
[WhiteElo "2633"]
[BlackElo "2611"]
[Annotator ""]
[PlyCount "66"]
[EventDate "2016.??.??"]
[EventCountry "AZE"]
[SourceTitle "playchess.com"]
[Source "ChessBase"]
[WhiteTeam "Vietnam"]
[BlackTeam "Netherlands"]
[WhiteTeamCountry "VIE"]
[BlackTeamCountry "NED"]
[TimeControl "40/5400+30:1800+30"]

1. e4 {(00:00)} e5 {(00:00)} 2. Nf3 {(00:00)} Nc6 {
(00:00)} 3. Bc4 {(00:21)} Bc5 {(00:28)} 4. O-O {(
00:26)} Nf6 {(00:22)} 5. d3 {(00:13)} d6 {(00:58)} 6. c3 {
(00:41)} a6 {(01:34)} 7. Bb3 {(01:19)} Ba7 {(00:38]
} 8. Nbd2 {(04:56)} h6 {(03:04)} 9. Re1 {(08:26)} O-O {
(03:15)} 10. h3 {(02:20)} Re8 {(06:51)} 11. Nf1 {(
02:07)} Be6 {(01:17)} 12. Bxe6 {(00:32)} Rxe6 {(00:22)}
13. Be3 {(00:10)} Qd7 {(13:20)} 14. Bxa7 {(09:49)} Rxa7 {
(04:18)} 15. Ng3 {(15:08)} d5 {(02:32)} 16. Qc2 {(
06:19)} Ra8 {(02:20)} 17. Rad1 {(06:57)} dxe4 {(02:54)}
18. dxe4 {(01:27)} Rd6 {(00:09)} 19. Nf5 {(08:01)} Rxd1 {
(00:15)} 20. Rxd1 {(00:06)} Qe6 {(00:10)} 21. b3 {(
01:44)} Rd8 {(01:58)} 22. Rxd8+ {(01:29)} Nxd8 {(00:08)}
23. Qd3 {(02:23)} Qd7 {(04:42)} 24. Qxd7 {(07:45)} Nxd7 {
(00:09)} 25. Nd2 {(01:46)} Kf8 {(02:35)} 26. g3 {(
00:56)} Ne6 {(03:42)} 27. f3 {(02:50)} h5 {(03:39)} 28. h4
{(00:15)} g6 {(00:41)} 29. Ne3 {(00:12)} c6 {(01:
56)} 30. Kf2 {(00:23)} Ke7 {(00:17)} 31. Ke2 {(00:23)} b5
{(01:25)} 32. b4 {(00:53)} Kd6 {(03:12)} 33. a3 {(
00:42)} c5 {(01:37)} 1/2-1/2

[Event "42nd Olympiad Baku 2016 Open"]
[Site "Baku"]
[Date "2016.09.04"]
[Round "3.37"]
[White "Nisipeanu, Liviu-Dieter"]
[Black "Eljanov, Pavel"]
[Result "1/2-1/2"]
[ECO "E34"]
[WhiteElo "2687"]
[BlackElo "2739"]
[Annotator ""]
[PlyCount "60"]
[EventDate "2016.??.??"]
[EventCountry "AZE"]
[SourceTitle "playchess.com"]
[Source "ChessBase"]
[WhiteTeam "Germany"]
[BlackTeam "Ukraine"]
[WhiteTeamCountry "GER"]
[BlackTeamCountry "UKR"]
[TimeControl "40/5400+30:1800+30"]

1. d4 {(00:00)} Nf6 {(00:00)} 2. c4 {(00:00)} e6 {(
00:00)} 3. Nc3 {(00:00)} Bb4 {(00:00)} 4. Qc2 {(00:03)} d5
{(00:30)} 5. cxd5 {(00:29)} Qxd5 {(00:51)} 6. e3 {(
01:49)} c5 {(01:32)} 7. Bd2 {(00:49)} Bxc3 {(00:07)} 8.
Bxc3 {(00:03)} cxd4 {(00:43)} 9. Bxd4 {(00:45)} Nc6 {
(00:29)} 10. Bxf6 {(01:25)} gxf6 {(00:05)} 11. Ne2 {
(02:18)} Bd7 {(02:45)} 12. a3 {(07:25)} Ne7 {(15:
14)} 13. Nc3 {(06:27)} Qe5 {(02:29)} 14. Be2 {(13:30)} Bc6
{(05:01)} 15. Bf3 {(09:42)} Bxf3 {(16:10)} 16. gxf3 {
(00:04)} O-O-O {(01:32)} 17. Nd5+ {(02:26)} Nc6 {(
02:10)} 18. Ne7+ {(00:06)} Kb8 {(00:49)} 19. Nxc6+ {(12:
12)} bxc6 {(00:04)} 20. Qxc6 {(01:07)} Rhg8 {(11:14)} 21.
Qe4 {(03:20)} Qa5+ {(09:45)} 22. Qb4+ {(00:34)} Qxb4+ {
(00:05)} 23. axb4 {(00:03)} Rc8 {(03:37)} 24. Rd1 {
(01:00)} Rc2 {(04:33)} 25. Rd2 {(01:27)} Rc1+ {(00:
38)} 26. Rd1 {(01:18)} Rc2 {(00:06)} 27. Rd2 {(00:05)}
Rc1+ {(00:05)} 28. Rd1 {(00:03)} Rc2 {(00:06)} 29. Rd2 {
(00:07)} Rc1+ {(00:05)} 30. Rd1 {(00:03)} Rc2 {(00:
06)} 1/2-1/2

[Event "42nd Olympiad Baku 2016 Open"]
[Site "Baku"]
[Date "2016.09.04"]
[Round "3.19"]
[White "Palencia Morales, Wilson Guillermo"]
[Black "Ermeni, Avni"]
[Result "1-0"]
[ECO "D02"]
[WhiteElo "2378"]
[BlackElo "2270"]
[Annotator ""]
[PlyCount "55"]
[EventDate "2016.??.??"]
[EventCountry "AZE"]
[SourceTitle "playchess.com"]
[Source "ChessBase"]
[WhiteTeam "Venezuela"]
[BlackTeam "Kosovo"]
[WhiteTeamCountry "VEN"]
[BlackTeamCountry "KOS"]
[TimeControl "40/5400+30:1800+30"]

1. d4 {(00:00)} d5 {(00:13)} 2. Nf3 {(00:22)} Nf6 {
(00:44)} 3. Bf4 {(00:24)} c6 {(00:16)} 4. e3 {(00:
24)} e6 {(03:57)} 5. Nbd2 {(01:10)} Bd6 {(03:45)} 6. Bd3 {
(00:35)} O-O {(02:48)} 7. O-O {(00:26)} b6 {(03:39]
} 8. Qe2 {(03:27)} Bb7 {(02:20)} 9. Ne5 {(01:54)} c5 {
(02:45)} 10. c3 {(00:19)} Be7 {(01:38)} 11. Qf3 {(
02:28)} Nbd7 {(05:21)} 12. Qh3 {(01:11)} g6 {(09:07)} 13.
Bh6 {(06:35)} Re8 {(03:26)} 14. f4 {(00:09)} a6 {(
14:56)} 15. Ndf3 {(13:30)} Nxe5 {(02:57)} 16. dxe5 {(02:
24)} Nd7 {(05:00)} 17. Qg3 {(11:17)} Bf8 {(10:05)} 18. Bg5
{(00:37)} Be7 {(00:30)} 19. h4 {(00:53)} h5 {(05:
56)} 20. Bh6 {(07:23)} Bf8 {(08:16)} 21. Ng5 {(03:56)} Re7
{(04:34)} 22. Nxf7 {(04:56)} Rxf7 {(00:17)} 23. Qxg6+ {
(00:06)} Bg7 {(04:45)} 24. Qh7+ {(02:35)} Kf8 {(00:
06)} 25. Bg6 {(01:34)} Nf6 {(03:43)} 26. exf6 {(00:43)}
Qxf6 {(00:04)} 27. Bg5 {(00:28)} Bh8 {(00:20)} 28. Qxh5 {
(00:08)} 1-0